 Dungeon Sprint DCSS version 0.27.0-1-g7a089689b8 (webtiles) character file.

Game seed: 8729169584286556600

2111 xpp the Nimble (level 9, -10/89 HPs)
             Began as a Purple Draconian Berserker on July 31, 2021.
             Was a Priest of Trog.
             Succumbed to poison (dark miasma)
             ... in the Dungeon (Sprint II: "The Violet Keep of Menkaure").
             The game lasted 00:11:14 (1239 turns).

xpp the Nimble (Purple Draconian Berserker)         Turns: 1239, Time: 00:11:15

Health: -10/89     AC:  8    Str: 21    XL:     9   Next: 7%
Magic:  9/9        EV: 15    Int:  7    God:    Trog [***...]
Gold:   451        SH: 11    Dex: 13    Spells: 8/8 levels left

rFire    . . .     SeeInvis +   a - +0 falchion
rCold    . . .     Faith    .   i - +2 kite shield
rNeg     . . .     Spirit   .   (armour unavailable)
rPois    .         Reflect  .   (helmet restricted)
rElec    .         Harm     .   (no cloak)
rCorr    .         Rampage  .   h - +0 pair of gloves
Will     +++..     NoTele   +   (no boots)
Stlth    +.........             (no amulet)
HPRegen  1.24/turn              j - ring of see invisible
MPRegen  0.11/turn              (no ring)

@: lethally poisoned (-10 -> -61), strong-willed, regenerating, slowed, very
slow
A: breathe power, AC +7, unfitting armour, cold-blooded
a: Breathe Dispelling Energy, Renounce Religion, Berserk, Trog's Hand


You were in the Dungeon.
You worshipped Trog.
Trog was most pleased with you.
You visited 1 branch You collected 891 gold pieces.
You spent 440 gold pieces at shops.

Inventory:

Hand Weapons
 a - a +0 falchion (weapon)
 l - a +0 arbalest
Missiles
 k - 20 bolts
Armour
 h - a +0 pair of gloves (worn)
 i - a +2 kite shield (worn)
Jewellery
 j - a ring of see invisible (left hand)
Potions
 d - a potion of haste
 e - 2 potions of magic
 f - a potion of berserk rage


   Skills:
 + Level 11.3 Fighting
 + Level 11.2 Long Blades
 * Level 12.9 Dodging
 + Level 2.3 Shields


You had 8 spell levels left.
You didn't know any spells.
Your spell library was empty.

Dungeon Overview and Level Annotations

Branches:
Dungeon (1/1)

Altars:
Cheibriados
Dithmenos
Elyvilon
Fedhas
Gozag
Hepliaklqana
Kikubaaqudgha
Makhleb
Nemelex Xobeh
Okawaru
Qazlal
Ru
Sif Muna
Trog
Uskayaw
Vehumet
Wu Jian
Xom
Yredelemnul
Zin
The Shining One
Beogh
Jiyva
Lugonu

Shops:
D !=::[:*=![*[(:?

Annotations:
D exclusions: oklob plant and orange crystal statue


Innate Abilities, Weirdness & Mutations

You can breathe bolts of dispelling energy.
Your rich purple scales are hard. (AC +7)
You cannot fit into any form of body armour.
You are cold-blooded and may be slowed by cold attacks.


Message History

You riposte.
You barely miss the death drake.
The death drake is severely wounded.
The death drake misses you.
You riposte.
Your shield prevents you from hitting the death drake.
The death drake is severely wounded.
Your ogre closely misses the death drake.
Your two-headed ogre misses the death drake. x2
You closely miss the death drake.
The death drake is severely wounded.
You feel sick.
You are no longer poisoned.
The death drake breathes miasma at you. The foul vapour engulfs you!!
You are poisoned.
Your two-headed ogre is engulfed in dark miasma.
Your two-headed ogre is poisoned.
Your two-headed ogre seems to slow down.
Your two-headed ogre closely misses the death drake.
Your two-headed ogre hits the death drake with a +0 giant spiked club!
The death drake breathes miasma at you. The foul vapour engulfs you!
You are more poisoned.
* * * LOW HITPOINT WARNING * * *
Your ogre is engulfed in dark miasma.
Your ogre looks even sicker.
Your ogre hits the death drake with a +0 giant club!
The death drake dies!
Trog accepts your kill.
Your two-headed ogre is engulfed in dark miasma.
Your two-headed ogre looks even sicker.
Your Long Blades skill increases to level 11!
You have reached level 9!
Your experience leads to an increase in your attributes!
Increase (S)trength, (I)ntelligence, or (D)exterity?
You feel stronger.
Your scales feel tougher.
You are engulfed in dark miasma.
You are lethally poisoned!
You feel as though you will be slow longer.
* * * LOW HITPOINT WARNING * * *
You die...

###.##..#..'..#..#▓$!)"($$(▓▓
###..#..#..#..#..#▓??[))!$$▓
.'##.'..####..##.#▓)$(?[)!!
##.#.#....###...##▓▓▓▓▓▓▓+▓▓
###.##......§≈≈≈≈≈≈≈≈≈≈≈≈..
.####≈≈...§.≈#'########+###
..#≈≈≈≈≈≈≈..≈#.O°°....#S§≈##
.##≈≈≈§≈≈§≈§≈#.O○°....#S§§§##
##§≈≈≈≈§§§≈§§#_°@°_...#≈§≈§≈#
≈≈≈≈≈§§§§§≈≈≈#._._°_..#≈§§§≈§
+++#≈§§≈≈≈§§≈#_._._._.#§≈§≈§≈
°§ ##§§§###§≈#._._._._#≈§§§≈S
≈°≈≈##≈≈# #§§#_._._._.#§§§≈≈§
○○≈≈≈+≈≈# #≈≈#..._._._#§≈≈§▓▓
°≈≈≈##§≈≈§§§§##########§≈§≈▓.
≈≈≈## ######≈≈≈≈≈≈≈≈≈≈≈≈≈▓z
#### ≈########≈▓▓▓▓▓


You could see 2 water moccasins, a friendly two-headed ogre (summoned, berserk,
very poisoned, slow) and a friendly ogre (summoned, berserk, very poisoned,
slow).

Vanquished Creatures
  3 neqoxecs (D)
  Menkaure (D)
  4 necrophages (D)
  A hell rat (D)
  3 worms (D)
  A spectral bat (D)
  A spectral ball python (D)
14 creatures vanquished.

Vanquished Creatures (collateral kills)
  2 death drakes (D)
  A yaktaur (D)
  3 polar bears (D)
  A hornet (D)
  2 swamp drakes (D)
9 creatures vanquished.

Vanquished Creatures (others)
  A neqoxec (D)
  A water moccasin (D)
2 creatures vanquished.

Grand Total: 25 creatures vanquished

Notes
Turn   | Place    | Note
-------+----------+-------------------------------------------
     0 | D        | xpp the Draconian Berserker began the quest for the Orb.
     0 | D        | Reached XP level 1. HP: 19/19 MP: 1/1
     1 | D        | Noticed a boulder beetle
     1 | D        | Noticed a boulder beetle
    12 | D        | Reached skill level 3 in Dodging
    19 | D        | Reached ** piety under Trog
    20 | D        | Reached XP level 2. HP: 27/27 MP: 2/2
    44 | D        | Noticed a neqoxec
    45 | D        | Noticed a neqoxec
    46 | D        | Noticed a neqoxec
    48 | D        | Killed a neqoxec
    49 | D        | Reached skill level 5 in Long Blades
    49 | D        | Reached skill level 7 in Dodging
    49 | D        | Reached XP level 3. HP: 37/37 MP: 3/3
    49 | D        | Reached XP level 4. HP: 44/44 MP: 4/4
    49 | D        | Reached XP level 5. HP: 50/50 MP: 5/5
    52 | D        | Killed a neqoxec
    53 | D        | Reached skill level 8 in Dodging
    53 | D        | Reached XP level 6. HP: 60/60 MP: 6/6
    59 | D        | Killed a neqoxec
    59 | D        | Reached *** piety under Trog
    60 | D        | Reached skill level 9 in Dodging
   163 | D        | Reached skill level 10 in Dodging
   163 | D        | Your scales start taking on a rich purple colour.
   163 | D        | Reached XP level 7. HP: 70/70 MP: 7/7
   168 | D        | Reached **** piety under Trog
   194 | D        | Found Byddeene's Antique Armour Shop.
   194 | D        | Found Zeeff's Book Shop.
   195 | D        | Found Notemaju's Antique Armour Boutique.
   195 | D        | Found Lepumis's Assorted Antiques.
   196 | D        | Found Cytadunki's Distillery.
   196 | D        | Found Poicaumy's Jewellery Shop.
   276 | D        | Killed a neqoxec
   445 | D        | Noticed an orange crystal statue
   446 | D        | Noticed Menkaure
   454 | D        | Killed Menkaure
   455 | D        | Reached skill level 11 in Dodging
   460 | D        | Found Yzoelimi's Magic Scroll Boutique.
   461 | D        | Found Gainez's Antique Weapon Boutique.
   465 | D        | Found Esaih's General Store.
   465 | D        | Found Jafrig's Book Boutique.
   465 | D        | Noticed a wyvern
   465 | D        | Noticed a wyvern
   469 | D        | Found Toninki's Antique Armour Boutique.
   469 | D        | Found Tuechy Qull's Book Shop.
   469 | D        | Noticed an oklob plant
   469 | D        | Noticed a wyvern
   470 | D        | Found Sod Bof's Jewellery Shop.
   470 | D        | Found Tieceiv's Distillery.
   470 | D        | Found Xoanwyl's Book Shoppe.
   481 | D        | Bought a runed kite shield for 135 gold pieces
   496 | D        | Bought a potion of curing for 30 gold pieces
   496 | D        | Bought a potion of curing for 30 gold pieces
   496 | D        | Bought a potion of heal wounds for 50 gold pieces
   499 | D        | Bought a ring of see invisible for 195 gold pieces
   547 | D        | Noticed a great orb of eyes
   568 | D        | Found a stormy altar of Qazlal.
   568 | D        | Found an ornate altar of the Wu Jian Council.
   569 | D        | Found a hazy altar of Hepliaklqana.
   569 | D        | Found a sacrificial altar of Ru.
   569 | D        | Found a shimmering altar of Xom.
   570 | D        | Found a viscous altar of Jiyva.
   570 | D        | Found a shimmering blue altar of Sif Muna.
   571 | D        | Found a snail-covered altar of Cheibriados.
   571 | D        | Found an ancient bone altar of Kikubaaqudgha.
   571 | D        | Found a bloodstained altar of Trog.
   572 | D        | Found a shadowy altar of Dithmenos.
   572 | D        | Found a corrupted altar of Lugonu.
   573 | D        | Found a white marble altar of Elyvilon.
   573 | D        | Found a burning altar of Makhleb.
   574 | D        | Found a blossoming altar of Fedhas.
   584 | D        | Reached ***** piety under Trog
   678 | D        | Noticed a death drake
   679 | D        | Noticed a polar bear
   680 | D        | Found an opulent altar of Gozag.
   680 | D        | Found a glowing golden altar of the Shining One.
   680 | D        | Found a basalt altar of Yredelemnul.
   680 | D        | Found a hide-covered altar of Uskayaw.
   680 | D        | Found a sparkling altar of Nemelex Xobeh.
   680 | D        | Noticed a hornet
   680 | D        | Noticed a polar bear
   681 | D        | Found a glowing silver altar of Zin.
   681 | D        | Found a radiant altar of Vehumet.
   681 | D        | Found an iron altar of Okawaru.
   681 | D        | Noticed a yaktaur
   682 | D        | Noticed a polar bear
   689 | D        | Killed a hornet
   690 | D        | Reached skill level 10 in Fighting
   690 | D        | Reached XP level 8. HP: 75/79 MP: 8/8
   691 | D        | Killed a polar bear
   693 | D        | Received a gift from Trog
   694 | D        | Reached skill level 10 in Long Blades
   696 | D        | Killed a polar bear
   697 | D        | Reached skill level 1 in Shields
   697 | D        | Killed a yaktaur
   698 | D        | Reached skill level 12 in Dodging
   698 | D        | Killed a polar bear
   702 | D        | Killed a death drake
   919 | D        | Noticed a crystal guardian
   925 | D        | Noticed a death drake
  1206 | D        | Noticed a flying skull
  1212 | D        | Noticed a flying skull
  1238 | D        | Killed a death drake
  1239 | D        | Reached XP level 9. HP: 25/89 MP: 9/9
  1239 | D        | Succumbed to poison (dark miasma)

Illustrated notes

Levels and vault maps discovered:
D:        the_violet_keep_of_menkaure [sprint2_stairs_cluster_1,
          sprint2_shoproom, sprint2_temple, sprint2_basic_supplies,
          sprint2_obstacle_5, sprint2_obstacle_6, sprint2_obstacle_4,
          sprint2_obstacle_7, sprint2_obstacle_2, sprint2_timed_cluster_1,
          sprint2_smallroom_cluster_1, sprint2_smallroom_final_cluster_1,
          sprint2_transparent_cluster_1, sprint2_second_timed_cluster_1,
          sprint2_sniper_area_1, sprint2_heavy_combat_area_1,
          sprint2_mutation_trap_area_1, sprint2_forest_area_1,
          sprint2_light_combat_area_1, sprint2_behind_water_1,
          sprint2_near_end_vault_1]

Skill      XL: |  1  2  3  4  5  6  7  8 |
---------------+-------------------------+-----
Dodging        | 3 7 8 10 11 12 | 12.9
Fighting       | 4 6 7 9 10 11 | 11.3
Long Blades    | 5 7 8 9 11 | 11.2
Shields        | 2 |  2.3

Action                   |  1- 3 |  4- 6 |  7- 9 || total
-------------------------+-------+-------+-------++-------
Melee: Falchion          |    15 |    17 |    49 ||    81
       Tailslap          |       |     6 |     5 ||    11
Invok: Berserk           |     2 |     1 |     2 ||     5
       Brothers in Arms  |       |       |     3 ||     3
       Trog's Hand       |       |       |     1 ||     1
  Use: Scroll            |       |       |     2 ||     2
       Potion            |       |       |     5 ||     5
Armor: Skin              |       |     2 |    11 ||    13
Dodge: Dodged            |     4 |     7 |    31 ||    42
Block: Kite shield       |       |       |    16 ||    16
       Rpst.: Falchion   |     2 |     4 |     7 ||    13
